Map: Frozen Temple

Players

Kirky - Winner!

  • Race: Terran Terran
  • League: Silver
  • Spawn Location: 11:00

Fropez

  • Race: Protoss Protoss
  • League: Silver
  • Spawn Location: 5:00

VOD

Have the link to the VOD?

Description

Time

  • Played on: May 4, 2016, 8:43 p.m.
  • Length: 14:42
Show
View Real Time Build Order
Export as new Build Order

Kirky Terran - Winner!

Build Orders: 1/1/1, Liberator Opening, MMM Bio 

Get SALT Encoding   

  12  0:01  SCV  
  13  0:13  SCV  
  14  0:22  Supply Depot  
  14  0:25  SCV  
  15  0:30  Refinery  
  15  0:47  Barracks  
  15  0:51  SCV  
  16  1:01  Refinery  
  16  1:03  SCV  
  17  1:15  SCV  
  18  1:27  SCV  
  19  1:38  Supply Depot, Factory  
  19  1:40  Marine  
  20  1:50  SCV  
  21  2:00  Barracks Tech Lab  
  21  2:16  Orbital Command  
  21  2:26  Starport  
  21  2:34  Widow Mine  
  23  2:50  Barracks  
  23  3:03  Widow Mine  
  23  3:04  Medivac  
  27  3:17  Liberator  
  27  3:18  Supply Depot  
  27  3:26  Stimpack  
  27  3:30  SCV  
  31  3:42  Factory Tech Lab, SCV  
  31  3:45  Barracks Reactor  
  32  3:52  Engineering Bay  
  32  3:54  Marine  
  33  4:06  SCV  
  34  4:12  Marine  
  35  4:18  SCV  
  36  4:30  Marauder  
  25  5:05  SCV, Missile Turret  
  26  5:14  Starport Reactor  
  26  5:17  SCV  
  27  5:23  Command Center  
  27  5:29  SCV  
  28  5:40  Marine x2  
  28  5:41  SCV  
  28  5:42  Marauder  
  33  5:49  Siege Tank  
  36  6:00  Marine  
  36  6:03  Marine  
  38  6:12  Supply Depot  
  38  6:13  SCV  
  39  6:34  SCV, Marauder  
  41  6:46  SCV  
  42  7:21  Orbital Command  
  42  7:27  Missile Turret  
  42  7:31  Marine x2, Marauder  
  42  7:34  Widow Mine  
  48  7:40  Medivac  
  50  7:48  Marine, Missile Turret  
  51  7:52  Marauder  
  53  8:03  Widow Mine  
  53  8:04  Missile Turret  
  55  8:51  Terran Infantry Weapons Level 1  
  55  8:52  Barracks  
  55  8:55  Engineering Bay  
  55  9:01  Starport  
  51  9:37  Siege Tank  
  54  9:38  Combat Shields  
  54  9:41  Barracks Reactor  
  51  9:48  Starport Tech Lab  
  50  9:59  SCV  
  51  10:09  Siege Tank  
  51  10:11  SCV  
  55  10:20  SCV  
  56  10:23  SCV  
  57  10:32  SCV, Refinery  
  59  10:35  SCV  
  59  10:36  Refinery  
  59  10:40  Marine x3  
  62  11:06  Marauder, Medivac x3  
  62  11:07  Supply Depot  
  62  11:10  Supply Depot  
  70  11:20  SCV x2  
  72  11:28  Marauder  
  72  11:32  Supply Depot, Liberator  
  74  11:33  SCV x2  
  74  11:37  Marine x3  
  79  11:45  SCV  
  79  11:46  Medivac  
  82  11:47  Medivac  
  82  11:51  Marine  
  82  11:52  Marine  
  89  12:16  Terran Infantry Armor Level 1  
  89  12:21  Armory  
  89  12:23  SCV  
  90  12:35  SCV  
  91  13:12  Armory  
  91  13:37  Marine x2  
  91  13:38  Marine x3  
  91  13:40  Siege Tank  
  99  13:41  Medivac  
  101  13:55  Marine  
  102  14:09  Marine  
Show
View Real Time Build Order
Export as new Build Order

Fropez Protoss 

Build Orders: Oracle Opening 

Get SALT Encoding   

  12  0:01  Probe (Chrono Boost)  
  13  0:20  Pylon  
  13  0:23  Probe (Chrono Boost)  
  14  0:34  Probe (Chrono Boost)  
  15  0:45  Probe (Chrono Boost)  
  16  0:51  Assimilator  
  16  0:57  Pylon  
  16  1:04  Gateway  
  16  1:06  Pylon  
  16  1:13  Probe (Chrono Boost)  
  16  1:17  Assimilator  
  17  1:24  Probe (Chrono Boost)  
  18  1:30  Pylon  
  18  1:34  Probe (Chrono Boost)  
  19  1:45  Probe (Chrono Boost)  
  20  1:56  Cybernetics Core  
  20  2:05  Probe (Chrono Boost)  
  20  2:07  Pylon  
  22  2:15  Probe (Chrono Boost)  
  22  2:26  Probe (Chrono Boost)  
  23  2:33  Stargate  
  24  2:39  Mothership Core (Chrono Boost)  
  24  2:42  Adept  
  27  2:54  Gateway  
  27  2:57  Probe (Chrono Boost)  
  28  3:00  Warp Gate (Chrono Boost)  
  28  3:08  Probe (Chrono Boost)  
  28  3:09  Adept  
  31  3:17  Oracle  
  34  3:20  Probe (Chrono Boost)  
  35  3:32  Probe  
  36  3:38  Pylon  
  36  3:44  Probe  
  37  3:53  Adept, Oracle  
  42  3:56  Probe  
  43  4:08  Probe  
  44  4:20  Probe  
  34  4:33  Nexus  
  31  5:22  Probe  
  32  5:48  Probe  
  31  6:07  Twilight Council  
  31  6:13  Probe  
  31  6:14  Probe  
  31  6:44  Probe  
  32  6:47  Probe  
  33  6:55  Assimilator  
  33  6:57  Assimilator  
  33  6:59  Pylon  
  33  7:03  Probe, Templar Archives  
  34  7:12  Probe  
  35  7:17  Probe  
  36  7:25  Probe, Robotics Facility  
  37  7:31  Probe  
  37  7:35  Blink  
  37  7:36  Probe  
  38  7:43  Probe  
  40  7:48  High Templar  
  40  7:49  Probe  
  43  7:56  Probe  
  44  8:00  Probe  
  45  8:08  Probe  
  45  8:12  Observer (Chrono Boost), Probe  
  48  8:19  High Templar  
  50  8:40  Probe x2  
  46  8:52  Probe  
  46  8:53  Probe  
  46  8:55  Archon  
  48  9:04  Probe  
  48  9:05  Probe  
  50  9:16  Probe  
  51  9:18  Stalker x2  
  54  9:43  Stalker x2  
  58  9:57  Oracle  
  61  10:01  Probe  
  61  10:02  Probe  
  63  10:10  Immortal (Chrono Boost)  
  63  10:13  Probe  
  62  10:14  Probe  
  63  10:25  Probe  
  64  10:29  Pylon  
  64  10:33  Pylon, Probe, Oracle  
  68  10:39  Probe  
  69  10:43  High Templar  
  69  10:45  Probe  
  72  10:51  Probe  
  73  10:57  Probe  
  73  11:03  Probe  
  75  11:09  Probe  
  76  11:11  High Templar  
  76  11:15  Probe  
  79  11:20  Immortal (Chrono Boost)  
  83  11:45  Probe  
  83  11:46  Probe  
  89  11:54  Nexus, Immortal (Chrono Boost)  
  89  11:55  High Templar x2  
  89  11:57  Probe, Assimilator  
  89  11:58  Probe  
  89  12:00  Assimilator  
  95  12:04  Pylon, Archon  
  95  12:08  Pylon  
  95  12:11  Pylon  
  95  12:12  Probe x2  
  95  12:14  Pylon  
  97  12:19  Pylon  
  97  12:21  Gateway  
  97  12:23  Gateway  
  97  12:24  Probe  
  97  12:25  Probe  
  97  12:27  Gateway  
  99  12:30  Pylon  
  99  12:56  Probe  
  99  12:57  Probe  
  101  13:00  Immortal (Chrono Boost)  
  105  13:09  Probe x2  
  105  13:11  High Templar x2, Probe  
  112  13:21  Probe x3  
  113  13:34  Immortal (Chrono Boost)  
  117  13:36  High Templar x3  
  117  13:39  Archon  
  117  13:40  Archon x2  
  122  13:44  Probe  
  122  13:45  Probe  
  89  14:21  Probe  
  89  14:23  Probe  
Tags
 
Add a new tag
Caveats
  • Supply blocks, unpowered buildings, or Contaminate may cause inaccurate times.
  • Supply counts are checked every 10 seconds.